[Event "Team 45 45 League T40"]
[Site "Internet Chess Club"]
[Date "2009.02.28"]
[Round "5"]
[White "MRX"]
[Black "chess92192"]
[Result "1-0"]
[WhiteElo "1703"]
[BlackElo "1889"]
[Opening "Nimzovich-Larsen attack: classical variation"]
[ECO "A01"]
[Time "10:00:08"]
[TimeControl "2700+45"]

1. b3 d5 2. Bb2 c5 3. e3 Nc6 4. Bb5 Bd7 5. f4 e6 6. Nf3 Nf6 7. O-O Be7 8. d3 O-O
9. Bxc6 Bxc6 10. Ne5 Nd7 11. Qg4 Nxe5 12. Bxe5 Bf6 13. Nd2 Bxe5 14. fxe5 Qa5 15.
Nf3 Qc3 16. Rac1 f5 17. Qh4 Rae8 18. Qe1 Qxe1 19. Rcxe1 a5 20. a4 h6 21. Nd2 g5
22. g3 b5 23. axb5 Bxb5 24. Ra1 Ra8 25. Ra3 Ra6 26. Rfa1 Rfa8 27. c4 Bc6 28.
cxd5 Bxd5 29. Rc1 a4 30. Rca1 Ra5 31. Rxa4 Rxa4 32. bxa4 Kf7 33. Kf2 Ke7 34. Ke2
Kd7 35. Kd1 Kc7 36. Kc2 Kb6 37. Kc3 Ka5 38. Nc4+ Bxc4 39. Kxc4 Rd8 40. Rb1 h5
41. Rb7 h4 42. Re7 hxg3 43. hxg3 Rf8 44. Rxe6 f4 45. exf4 gxf4 46. gxf4 Rxf4+
47. Kxc5 Kxa4 48. Ra6+ Kb3 49. Kd6 Rd4+ 50. Ke7 Rxd3 51. Rc6 Kb4 52. e6 Kb5 53.
Rc1 Kb6 54. Ke8 Kb7 55. e7 Rf3 56. Rc4 Rh3 57. Kd7 Rh7 58. Rb4+ Ka6 59. Kd8 Ka5
60. Rb1 {Black resigns} 1-0

[Event "Team 45 45 League T40"]
[Site "Internet Chess Club"]
[Date "2009.03.02"]
[Round "5"]
[White "Boro"]
[Black "NFK"]
[Result "0-1"]
[WhiteElo "1862"]
[BlackElo "1732"]
[Opening "Pirc: classical (two knights) system"]
[ECO "B08"]
[Time "11:30:25"]
[TimeControl "2700+45"]

1. e4 d6 2. d4 Nf6 3. Nc3 g6 4. Nf3 Bg7 5. Bd3 Nbd7 6. O-O O-O 7. Bg5 c5 8. e5
dxe5 9. dxe5 Ng4 10. e6 fxe6 11. Qe2 Nde5 12. Nxe5 Nxe5 13. Be4 Nf7 14. Rad1 Nd6
15. Nb5 Qd7 16. c4 a6 17. Na3 Qc7 18. Bf3 Nf5 19. Bg4 Nd4 20. Qd2 e5 21. Bxc8
Raxc8 22. Bh6 Rcd8 23. Qe3 Nf5 {White resigns} 0-1

[Event "Team 45 45 League T40"]
[Site "Internet Chess Club"]
[Date "2009.02.28"]
[Round "5"]
[White "Egmont"]
[Black "superplayer"]
[Result "0-1"]
[WhiteElo "1715"]
[BlackElo "1840"]
[Opening "Ruy Lopez: closed defense"]
[ECO "C84"]
[Time "14:29:10"]
[TimeControl "2700+45"]

1. e4 e5 2. Nf3 Nc6 3. Bb5 a6 4. Ba4 Nf6 5. O-O Be7 6. c3 Nxe4 7. Bxc6 dxc6 8.
Nxe5 O-O 9. d4 c5 10. Qf3 f5 11. Rd1 Qe8 12. dxc5 Bxc5 13. Nd3 Bb6 14. Be3 Bxe3
15. Qxe3 Qh5 16. Nd2 Re8 17. Qf4 Qe2 18. Ne5 Nxd2 19. Rxd2 Qxe5 {White resigns}
0-1

[Event "Team 45 45 League T40"]
[Site "Internet Chess Club"]
[Date "2009.03.02"]
[Round "5"]
[White "John3v16"]
[Black "BrerRabbit"]
[Result "0-1"]
[WhiteElo "1696"]
[BlackElo "1609"]
[Opening "French: exchange variation"]
[ECO "C01"]
[Time "07:31:05"]
[TimeControl "2700+45"]

1. e4 e6 2. d4 d5 3. exd5 exd5 4. Nf3 Bd6 5. Bd3 Nc6 6. O-O Bg4 7. c3 Nge7 8.
Bg5 Qd7 9. Nbd2 O-O-O 10. b4 Bf5 11. Qc2 Bxd3 12. Qxd3 f6 13. Bh4 Rde8 14. Nb3
Qf5 15. Qb5 a6 16. Qa4 Qd3 17. Rac1 Nf5 18. Rfd1 Qb5 19. Qxb5 axb5 20. Re1 b6
21. Bg3 Kd7 22. Nh4 Nxh4 23. Bxh4 Bf4 24. Ra1 Rxe1+ 25. Rxe1 Ra8 26. Ra1 Re8 27.
f3 Re2 28. Be1 Ne7 29. Kf1 Rc2 30. g3 Be3 31. h4 h5 32. a4 bxa4 33. Rxa4 Rb2 34.
Na1 Bd2 35. Bxd2 Rxd2 36. b5 Rd3 37. Ke2 Rxc3 38. Ra8 Nf5 39. Kf2 Nxd4 40. Rf8
Ra3 41. Rf7+ Ke6 42. Rxg7 Rxa1 43. Rxc7 Rb1 44. Ke3 Nxb5 45. Rc6+ Nd6 46. Rc7
Nf5+ 47. Kf4 {White resigns} 0-1

[Event "Team 45 45 League T40"]
[Site "Internet Chess Club"]
[Date "2009.03.01"]
[Round "5"]
[White "qs16"]
[Black "johnnyperez"]
[Result "1-0"]
[WhiteElo "1790"]
[BlackElo "1679"]
[Opening "Queen's pawn game"]
[ECO "D00"]
[Time "09:30:27"]
[TimeControl "2700+45"]

1. d4 d5 2. e3 Nc6 3. Bd3 e6 4. Nd2 Be7 5. f4 Bh4+ 6. g3 Be7 7. Ngf3 Nf6 8. c3
a6 9. O-O Ng4 10. Qe2 h5 11. Ne5 O-O 12. Nxg4 hxg4 13. Qxg4 e5 14. Bf5 e4 15.
Qh3 Bxf5 16. Qxf5 g6 17. Qg4 Kg7 18. f5 g5 19. Nb3 Rh8 20. Bd2 f6 21. Rf2 Qd6
22. Nc5 Nd8 23. Raf1 b6 24. Ne6+ Kf7 25. Nxd8+ Raxd8 26. Qe2 b5 27. b3 Rh3 28.
Rg2 Rdh8 29. c4 c6 30. cxd5 cxd5 31. Rc1 Qd7 32. Qf2 Rc8 33. Rxc8 Qxc8 34. Be1
Qc1 35. Qd2 Qc8 36. Rf2 b4 37. Qc2 Qd7 38. Qc1 Rh8 39. Kg2 Rc8 40. Qd1 Rh8 41.
g4 Bd6 42. Kg1 Qc7 43. Qc2 Qb8 44. Rg2 Rh3 45. Qe2 a5 46. Bg3 Bxg3 47. hxg3 Rxg3
48. Qa6 Kg7 49. Qe6 Rxg2+ 50. Kxg2 Qd8 51. Qc6 Kf7 52. Kf2 Kg7 53. Qb7+ Kf8 54.
Qh7 Ke8 55. Qg8+ Ke7 56. Qe6+ Kf8 57. Qc6 Kf7 58. Ke2 Ke7 59. Kd2 Qd6 60. Qb7+
Qd7 61. Qb8 Qd8 62. Qa7+ Ke8 63. Qc5 Kf7 64. Ke2 Qa8 65. Qc7+ Kg8 66. Qd6 Kg7
67. Qe7+ Kg8 68. Qxf6 Qc8 69. Qxg5+ Kf8 70. Qf6+ Kg8 71. Qe6+ Qxe6 72. fxe6 Kg7
73. e7 Kf7 74. e8=Q+ Kxe8 75. Kf2 Kf7 76. Kg3 Kg6 77. Kf4 Kh6 78. Ke5 Kg5 79.
Kxd5 Kxg4 80. Kxe4 Kg5 81. Ke5 {Black resigns} 1-0

[Event "Team 45 45 League T40"]
[Site "Internet Chess Club"]
[Date "2009.03.01"]
[Round "5"]
[White "chess9397"]
[Black "Zebbile"]
[Result "0-1"]
[WhiteElo "1857"]
[BlackElo "1903"]
[Opening "Alekhine's defense: modern variation, 4...Bg4"]
[ECO "B05"]
[Time "19:01:36"]
[TimeControl "2700+45"]

1. e4 Nf6 2. e5 Nd5 3. d4 d6 4. Nf3 Bg4 5. Be2 e6 6. c4 Nb6 7. Nc3 Be7 8. Be3
O-O 9. O-O Nc6 10. exd6 cxd6 11. b3 d5 12. Qd3 Bf6 13. Rad1 Rc8 14. Ng5 Bf5 15.
Qd2 dxc4 16. bxc4 Na5 17. Nce4 Naxc4 18. Qd3 Nxe3 19. Qxe3 Nd5 20. Qg3 Bxg5 21.
Nxg5 h6 22. Nf3 Nc3 23. Qe5 Nxd1 24. Rxd1 Qd5 25. Qxd5 exd5 26. Ne5 Rc2 27. Bf3
Be6 28. Ra1 Rd2 29. h3 Rxd4 30. Rb1 b6 31. Nc6 Ra4 32. Rb2 d4 33. Rd2 Rxa2 34.
Rxd4 Ra3 35. Ne7+ Kh8 36. Nc6 a5 37. Rd2 Bxh3 38. Be2 Be6 39. Bb5 Ra2 40. Rd4
Rb2 41. Bd3 Rd2 42. Ne5 Bf5 43. Rd5 Bxd3 44. Rxd3 Rxd3 45. Nxd3 Rd8 46. Ne5 Rd5
{White resigns} 0-1

[Event "Team 45 45 League T40"]
[Site "Internet Chess Club"]
[Date "2009.03.03"]
[Round "5"]
[White "pishd"]
[Black "cityprosecutor"]
[Result "1/2-1/2"]
[WhiteElo "1721"]
[BlackElo "1728"]
[Opening "Queen's pawn: London system"]
[ECO "A45"]
[Time "09:12:15"]
[TimeControl "2700+45"]

1. d4 Nf6 2. Bf4 c5 3. c3 cxd4 4. cxd4 g6 5. Nf3 Bg7 6. Nc3 O-O 7. Qd2 a6 8. Bh6
b5 9. Bxg7 Kxg7 10. a3 d5 11. Qf4 Nc6 12. e3 Bf5 13. Ne5 Rc8 14. Be2 Nxe5 15.
Qxe5 Kg8 16. O-O Qc7 17. Rac1 Rfd8 18. Qxc7 Rxc7 19. Na2 Rdc8 20. Rxc7 Rxc7 21.
Rc1 Rxc1+ 22. Nxc1 Ne4 23. g4 Bc8 24. Kf1 Nd2+ 25. Ke1 Nc4 26. Bxc4 dxc4 27. f3
Kg7 28. Kd2 Kf6 29. b3 cxb3 30. Nxb3 Kg5 31. e4 h5 32. gxh5 Kxh5 33. d5 Kg5 34.
Ke3 Kf6 35. f4 e5 36. fxe5+ Kxe5 37. Nd2 Bg4 38. Nb3 f5 39. Nc5 f4+ 40. Kf2 a5
41. h3 Bxh3 42. Kf3 g5 43. Nd3+ Kd6 44. Nf2 Bd7 45. Nd3 Be8 46. Kg4 b4 47. axb4
axb4 48. Nxb4 Ke5 49. Nd3+ Kxe4 50. Nf2+ Kxd5 {Game drawn by mutual agreement}
1/2-1/2

[Event "Team 45 45 League T40"]
[Site "Internet Chess Club"]
[Date "2009.02.28"]
[Round "5"]
[White "arrabi"]
[Black "Bill-W"]
[Result "1-0"]
[WhiteElo "1653"]
[BlackElo "1718"]
[Opening "Sicilian defense"]
[ECO "B20"]
[Time "14:02:17"]
[TimeControl "2700+45"]

1. e4 c5 2. Bc4 g6 3. f3 Bg7 4. d3 Nc6 5. a3 Nf6 6. Be3 b6 7. Nc3 O-O 8. Qd2 Re8
9. Nge2 e6 10. Bh6 Bh8 11. g4 Ne5 12. Qf4 Nxc4 13. dxc4 d5 14. O-O-O d4 15. h4
e5 16. Qd2 Bxg4 17. fxg4 dxc3 18. Qxc3 Qc7 19. h5 Nxg4 20. hxg6 fxg6 21. Qg3
Nxh6 22. Rxh6 Bg7 23. Rh3 Qf7 24. Rd5 Rad8 25. Qf3 Qxf3 26. Rxf3 Rxd5 27. cxd5
Rf8 28. Rxf8+ Kxf8 29. Kd2 Ke7 30. Ke3 Kd6 31. Kf3 Bh6 32. c4 Bg5 33. Kg4 Be3
34. b4 cxb4 35. axb4 a5 36. bxa5 bxa5 37. Nc3 Bd2 38. Na4 Be3 39. Kh4 h6 40. Kg4
h5+ 41. Kh4 Bd2 42. c5+ Kc7 43. Nb6 Bf4 44. d6+ Kc6 45. d7 Kc7 46. c6 Bd2 47.
Nc4 Bc3 48. Kg5 a4 49. Na3 Bd2+ 50. Kh4 Bh6 51. Nb5+ Kd8 52. Nd6 a3 53. Nf7+ Kc7
54. d8=Q+ Kxc6 55. Nxh6 a2 56. Qa5 {Black resigns} 1-0

[Event "Team 45 45 League T40"]
[Site "Internet Chess Club"]
[Date "2009.02.28"]
[Round "5"]
[White "jacknor"]
[Black "kabindra"]
[Result "0-1"]
[WhiteElo "1607"]
[BlackElo "1876"]
[Opening "Scotch gambit"]
[ECO "C44"]
[Time "14:00:14"]
[TimeControl "2700+45"]

1. e4 e5 2. Nf3 Nc6 3. d4 exd4 4. Bc4 Bc5 5. O-O d6 6. c3 dxc3 7. Nxc3 Bg4 8.
Bxf7+ Kxf7 9. Ng5+ Qxg5 10. Bxg5 Bxd1 11. Raxd1 Nf6 12. a3 Rhe8 13. Rfe1 Ng4 14.
Bh4 Nge5 15. Nd5 Bb6 16. Kf1 Ng6 17. Bg5 h6 18. Be3 Bxe3 19. Rxe3 Rac8 20. f3
Nce7 21. Nc3 Ne5 22. b3 a6 23. Kf2 Kg8 24. Ne2 Rf8 25. h3 Rf6 26. Rd2 Rcf8 27.
f4 N5c6 28. g3 Kh7 29. Kg2 Ng6 30. Rdd3 Rd8 31. h4 Nge7 32. Nc3 Re6 33. Nd5 Nxd5
34. Rxd5 Rde8 35. Kf3 R6e7 36. b4 Rf8 37. h5 Ne5+ 38. Kg2 Ng4 39. Re1 Nf6 40.
Rf5 Rfe8 41. e5 dxe5 42. fxe5 Nd7 43. e6 Rxe6 44. Rxe6 Rxe6 45. Rf7 Rd6 46. g4
Kg8 47. Rf4 Rd2+ 48. Kg1 Ne5 49. Kf1 Rd3 50. Re4 Nc6 51. Re8+ Kf7 52. Rc8 Rd7
53. Kf2 Ne5 54. Kg3 c6 55. Rb8 Nc4 56. a4 Nb2 57. b5 Nxa4 58. bxa6 bxa6 59. Rb4
Nc5 60. Rb6 Rd6 61. Rb4 a5 62. Rf4+ Ke6 63. Rf8 a4 64. Re8+ Kf7 65. Ra8 Rd3+ 66.
Kh4 a3 67. Ra7+ Kf6 68. Ra8 Ne6 69. Ra6 c5 70. Ra4 Ke5 {White resigns} 0-1

[Event "Team 45 45 League T40"]
[Site "Internet Chess Club"]
[Date "2009.02.28"]
[Round "5"]
[White "Fidius"]
[Black "Solfege"]
[Result "1-0"]
[WhiteElo "2145"]
[BlackElo "2063"]
[Opening "Robatsch (modern) defense"]
[ECO "B06"]
[Time "15:01:27"]
[TimeControl "2700+45"]

1. e4 g6 2. Nf3 d6 3. Nc3 c5 4. d4 cxd4 5. Qxd4 Nf6 6. e5 dxe5 7. Qxd8+ Kxd8 8.
Nxe5 Be6 9. Be3 Bg7 10. O-O-O+ Nfd7 11. Bd4 f6 12. Nxd7 Bxd7 13. Bb5 Kc8 14.
Bxd7+ Nxd7 15. Rd3 b6 16. Rhd1 Kb7 17. Nd5 e6 18. Nc3 Rac8 19. Ne4 Kb8 20. f4
Rhg8 21. Bf2 Rc4 22. Rxd7 Rxe4 23. Re7 Re2 24. Bg3 Rxg2 25. Rdd7 Rg1+ 26. Kd2
Rg2+ 27. Kd3 Bh8 28. Rb7+ Kc8 29. Rxa7 Kb8 30. Reb7+ Kc8 31. Rxh7 Rd8+ 32. Kc4
Kb8 33. Rhb7+ Kc8 34. Rc7+ Kb8 35. Rab7+ Ka8 36. Kb5 Rd4 37. Rxb6 Rgd2 38. Rxe6
Rd5+ 39. Kb6 Rd6+ 40. Rxd6 Rxd6+ 41. Kc5 Rd2 42. c4 Rxb2 43. Rc8+ Rb8 44. Rxb8+
Kxb8 45. f5+ {Black resigns} 1-0

[Event "Team 45 45 League T40"]
[Site "Internet Chess Club"]
[Date "2009.02.28"]
[Round "5"]
[White "simon2007"]
[Black "WarrenW"]
[Result "0-1"]
[WhiteElo "1982"]
[BlackElo "2110"]
[Opening "KGA: Bonsch-Osmolovsky variation"]
[ECO "C34"]
[Time "15:00:14"]
[TimeControl "2700+45"]

1. e4 e5 2. f4 exf4 3. Nf3 Ne7 4. d4 Ng6 5. Bc4 Bb4+ 6. c3 Be7 7. O-O O-O 8. b4
a5 9. Qb3 c6 10. b5 a4 11. Qc2 d5 12. exd5 cxd5 13. Bd3 Be6 14. Kh1 Qc7 15. a3
Nd7 16. Nbd2 Nf6 17. Re1 Rfe8 18. Nf1 Bd7 19. Ne5 Bd6 20. Bxg6 hxg6 21. Bxf4
Bxb5 22. Nd2 Rec8 23. Re3 Ng4 24. Nxg4 Bxf4 25. Rf3 Be2 26. Rxf4 Qxf4 27. Ne5
Qe3 28. Rc1 Rc7 29. Nb1 f6 30. Re1 fxe5 31. Rxe2 Rf8 32. Qd1 Rcf7 33. Nd2 Qxd2
{White resigns} 0-1

[Event "Team 45 45 League T40"]
[Site "Internet Chess Club"]
[Date "2009.03.01"]
[Round "5"]
[White "hewdondada"]
[Black "BadHabitMarco"]
[Result "0-1"]
[WhiteElo "1828"]
[BlackElo "2042"]
[Opening "Trompowsky attack (Ruth, Opocenský opening)"]
[ECO "A45"]
[Time "14:05:10"]
[TimeControl "2700+45"]

1. d4 Nf6 2. Bg5 e6 3. e4 c5 4. e5 h6 5. Bxf6 gxf6 6. Nc3 cxd4 7. Qxd4 Nc6 8.
Qd2 Nxe5 9. O-O-O d5 10. f4 Ng6 11. g3 Qa5 12. Bb5+ Bd7 13. Bxd7+ Kxd7 14. Nge2
Bb4 15. Qd4 Ke7 16. Kb1 Rac8 17. Ne4 e5 18. Qxd5 Qxd5 19. Rxd5 Rc4 20. N4c3 exf4
21. Nxf4 Nxf4 22. gxf4 Bxc3 23. bxc3 Rhc8 24. Re1+ Kf8 25. Rd7 Rxf4 26. Ree7 Kg7
27. Rxf7+ Kg6 28. Rxb7 Rxc3 29. Rg7+ Kf5 30. Rb5+ Ke6 31. Rg2 Rfc4 32. Ra5 Rc7
33. Re2+ Kf7 34. Rf2 R3c5 35. Ra6 R5c6 36. Ra5 a6 37. Rg2 Rb7+ 38. Kc1 Rb5 39.
Ra4 f5 40. Kd2 Kf6 41. Ke3 Rbc5 42. Kf4 Rc4+ 43. Rxc4 Rxc4+ 44. Ke3 Ke5 45. Kd3
Rh4 46. Re2+ Kd5 47. Rf2 Rh3+ 48. Kd2 Ke4 49. c3 f4 50. a3 Rd3+ 51. Kc2 f3 52.
h3 Rd8 53. Rd2 Rxd2+ 54. Kxd2 a5 55. h4 a4 56. h5 Kf4 57. Ke1 Ke3 58. c4 Kd4 59.
c5 Kxc5 60. Kf2 Kc4 61. Kxf3 Kb3 62. Kf4 Kxa3 63. Kf5 Kb3 64. Kg6 a3 65. Kxh6 a2
66. Kg7 a1=Q+ 67. Kh7 Qg1 68. h6 Qd4 69. Kg8 Qd5+ 70. Kh8 Qf7 71. h7 Qf8# {White
checkmated} 0-1

[Event "Team 45 45 League T40"]
[Site "Internet Chess Club"]
[Date "2009.02.27"]
[Round "5"]
[White "andy4226uk"]
[Black "RD1974"]
[Result "1-0"]
[WhiteElo "1891"]
[BlackElo "1579"]
[Opening "Scandinavian: Pytel-Wade variation"]
[ECO "B01"]
[Time "18:00:27"]
[TimeControl "2700+45"]

1. e4 d5 2. exd5 Qxd5 3. Nc3 Qd6 4. Bc4 Nf6 5. d4 a6 6. Bg5 Nbd7 7. a4 e6 8. Nf3
b6 9. O-O Bb7 10. Qe2 Be7 11. Rad1 O-O 12. d5 e5 13. Rfe1 Rfe8 14. Nxe5 Bf8 15.
f4 Qc5+ 16. Kh1 Rad8 17. Bb3 h6 18. Bh4 Qb4 19. Qc4 Qxc4 20. Bxc4 g5 21. Nxd7
Rxe1+ 22. Rxe1 Rxd7 23. fxg5 hxg5 24. Bxg5 Bxd5 25. Nxd5 Nxd5 26. Rd1 c6 27. g3
b5 28. axb5 axb5 29. Bxd5 cxd5 30. Kg2 Bg7 31. b3 b4 32. Kf3 Kh7 33. h4 Kg6 34.
Bd2 Bf8 35. g4 Rc7 36. h5+ Kh7 37. Be1 Rxc2 38. Rxd5 Rb2 39. Rd3 Rb1 40. Bd2 Kg7
41. g5 Rh1 42. h6+ Kg6 43. Rd8 Be7 44. Rg8+ Kf5 45. Kg2 Rh5 46. Rg7 Ke6 47. Kg3
f5 48. g6 Bd6+ 49. Kf3 Kf6 50. Rg8 Rh3+ 51. Ke2 f4 52. h7 f3+ 53. Kf1 Rh1+ 54.
Kf2 Rh2+ 55. Kxf3 Rh3+ 56. Ke2 Rh2+ 57. Kd1 Kf5 58. h8=Q {Black resigns} 1-0

[Event "Team 45 45 League T40"]
[Site "Internet Chess Club"]
[Date "2009.02.26"]
[Round "5"]
[White "Despair"]
[Black "snottgoblin"]
[Result "1/2-1/2"]
[WhiteElo "1882"]
[BlackElo "1998"]
[Opening "Queen's pawn game"]
[ECO "D00"]
[Time "22:00:56"]
[TimeControl "2700+45"]

1. d4 d5 2. g3 Nf6 3. Bg2 e6 4. Nf3 Be7 5. O-O O-O 6. Ne5 c5 7. dxc5 Bxc5 8. Nd3
Bb6 9. Bf4 Nc6 10. Nd2 Re8 11. e4 dxe4 12. Nxe4 Nd5 13. Nd6 Rf8 14. Bxd5 exd5
15. Nxc8 Rxc8 16. Qh5 Nd4 17. c3 Ne6 18. Bd2 d4 19. Rfd1 Qf6 20. Qd5 Rfd8 21.
Qxb7 Qf5 22. Be1 dxc3 23. bxc3 Ng5 24. Nf4 Ne4 25. Rd5 Nc5 26. Rxf5 Nxb7 27. Rd5
{Game drawn by mutual agreement} 1/2-1/2

[Event "Team 45 45 League T40"]
[Site "Internet Chess Club"]
[Date "2009.02.27"]
[Round "5"]
[White "TerryMalloy"]
[Black "matein7"]
[Result "1/2-1/2"]
[WhiteElo "1964"]
[BlackElo "1910"]
[Opening "Catalan: closed, 5.Nf3"]
[ECO "E06"]
[Time "15:05:47"]
[TimeControl "2700+45"]

1. d4 Nf6 2. c4 e6 3. g3 d5 4. Bg2 Be7 5. Nf3 O-O 6. O-O dxc4 7. Ne5 Nc6 8. Bxc6
bxc6 9. Nxc6 Qe8 10. Nxe7+ Qxe7 11. Qa4 Qd6 12. Bf4 Qxd4 13. Rd1 Qxb2 14. Nd2
Bd7 15. Qxc4 Nd5 16. Rab1 Qc3 17. Rdc1 Qxc4 18. Rxc4 Rab8 19. Rxb8 Rxb8 20. Nb3
Bb5 21. Rc2 Ba4 22. Rc4 Bxb3 23. axb3 Nxf4 24. gxf4 Rb7 25. Kf1 Kf8 26. Ke1 Ke7
27. Kd2 Kd6 28. Kc3 c5 29. Ra4 h5 30. Ra6+ Kd5 31. f3 f5 32. e3 h4 33. h3 g6 34.
Kc2 Rg7 35. Kd3 c4+ 36. bxc4+ Kc5 37. Rxe6 Rb7 38. Kc3 Rb1 39. Rxg6 Rh1 40. Rf6
Rxh3 41. Rxf5+ Kc6 42. Rh5 Rh1 43. f5 h3 44. Kd4 Kd7 45. Kc5 h2 46. Rh7+ Ke8 47.
e4 a5 48. e5 Re1 49. Rxh2 Rxe5+ 50. Kd6 Rxf5 51. Ke6 Rxf3 52. Rh8+ Rf8 53. Rh5
Rg8 54. Rxa5 Rg6+ 55. Kf5 Rc6 56. c5 Kd7 57. Ke5 Rh6 58. Ra7+ Kc8 59. Kd5 Rg6
60. Kc4 Rh6 61. Kb5 Rg6 62. Rf7 Rh6 63. c6 Rh1 {Game drawn by mutual agreement}
1/2-1/2

[Event "Team 45 45 League T40"]
[Site "Internet Chess Club"]
[Date "2009.03.01"]
[Round "5"]
[White "fishhead"]
[Black "irock"]
[Result "1-0"]
[WhiteElo "1842"]
[BlackElo "1605"]
[Opening "Sicilian: Hungarian variation"]
[ECO "B34"]
[Time "15:30:49"]
[TimeControl "2700+45"]

1. e4 c5 2. Nf3 g6 3. d4 cxd4 4. Nxd4 Nc6 5. Bc4 Bg7 6. Nxc6 bxc6 7. Bb3 Ba6 8.
Nc3 e6 9. Be3 d5 10. exd5 exd5 11. Na4 Bb5 12. c3 Nf6 13. Qc2 O-O 14. O-O-O Re8
15. c4 Bxa4 16. Bxa4 Qd6 17. Kb1 Reb8 18. c5 Qc7 19. Bd4 Rb4 20. Bb3 Rab8 21. f3
Qf4 22. Bc3 R4b5 23. Rd4 Qg5 24. h4 Qg3 25. Be1 Qe5 26. Ra4 Nd7 27. Bc3 d4 28.
Bxd4 Qc7 29. Bxg7 Kxg7 30. Rc4 Qa5 31. Rc1 Re8 32. Ba4 Rxc5 33. Bxc6 Rxc4 34.
Qxc4 Nb6 35. Qd4+ Qe5 36. Qxe5+ Rxe5 37. g4 h5 38. g5 Rf5 39. b3 Rf4 40. Rh1 f6
41. gxf6+ Kxf6 42. Kc2 Nc8 43. Kd3 Nd6 44. Ke3 Ke5 45. Bd7 Nf5+ 46. Bxf5 gxf5
47. a3 a5 48. Rh2 Rd4 49. Rc2 Rxh4 50. Rc5+ Kf6 51. Rxa5 Rh1 52. Kf4 Rh4+ 53.
Kg3 Rd4 54. Ra8 h4+ 55. Kh3 Rd3 56. b4 Rxf3+ 57. Kxh4 f4 58. Kg4 Rf1 59. b5 Ke5
60. a4 f3 61. Kg3 Ke4 62. b6 f2 63. a5 Ke3 64. Re8+ Kd2 65. Rf8 Ke2 66. Rxf2+
Rxf2 67. a6 Rf6 68. a7 Rxb6 69. a8=Q Rg6+ 70. Kf4 Rf6+ 71. Ke5 Rf2 72. Qe4+ Kf1
73. Qd3+ Kg2 74. Ke4 Kh2 75. Ke3 Kg2 76. Qg6+ Kf1 77. Qh5 Kg1 78. Qd1+ Kg2 79.
Qg4+ Kf1 80. Qh3+ Kg1 81. Qg3+ Rg2 82. Qe1+ Kh2 83. Kf3 Rc2 84. Qe5+ Kg1 85.
Qe3+ Kh1 86. Qh6+ Rh2 87. Qg5 Rh3+ 88. Kf2 Rh2+ 89. Kf1 Rd2 90. Qg1# {Black
checkmated} 1-0

[Event "Team 45 45 League T40"]
[Site "Internet Chess Club"]
[Date "2009.02.28"]
[Round "5"]
[White "jefferyx"]
[Black "Mater"]
[Result "1-0"]
[WhiteElo "1793"]
[BlackElo "1683"]
[Opening "Queen's pawn game"]
[ECO "D00"]
[Time "11:03:49"]
[TimeControl "2700+45"]

1. d4 d5 2. e3 Nf6 3. f4 e6 4. Nf3 Be7 5. Bd3 O-O 6. O-O c5 7. c3 Nc6 8. Nbd2
cxd4 9. cxd4 b6 10. Ne5 Nb4 11. Bb1 Qc7 12. Rf3 Ba6 13. a3 Nc6 14. Rh3 Nxe5 15.
fxe5 Ne4 16. Nxe4 dxe4 17. Bxe4 h6 18. Bxa8 Rxa8 19. e4 Kh7 20. Qh5 Qc4 21. Bxh6
g6 22. Qf3 Kg8 23. Be3 Qc2 24. Qf2 Qxe4 25. Rf3 Rf8 26. Bh6 Rd8 27. Rxf7 Bh4 28.
g3 Bb7 29. Rxb7 Qxb7 30. gxh4 Kh7 31. Be3 Rc8 32. Rf1 Qe4 33. Qf7+ Kh8 34. Qf6+
Kh7 35. Qg5 {Black resigns} 1-0

[Event "Team 45 45 League T40"]
[Site "Internet Chess Club"]
[Date "2009.03.01"]
[Round "5"]
[White "sacsac-mate"]
[Black "aww-rats"]
[Result "0-1"]
[WhiteElo "2075"]
[BlackElo "2135"]
[Opening "KP: Nimzovich defense"]
[ECO "B00"]
[Time "15:12:54"]
[TimeControl "2700+45"]

1. e4 Nc6 2. Nf3 e6 3. Bd3 Nb4 4. Nc3 Nxd3+ 5. cxd3 d5 6. exd5 exd5 7. O-O Be7
8. Ne5 Nf6 9. Qa4+ c6 10. b4 O-O 11. d4 Qb6 12. b5 c5 13. dxc5 Bxc5 14. Bb2 Re8
15. Nd1 d4 16. Nd3 Bd7 17. Nxc5 Qxc5 18. d3 Bxb5 19. Bxd4 Bxa4 20. Bxc5 Bc2 21.
Nb2 b6 22. Be3 Nd5 23. Rfe1 Rac8 24. Re2 Rc3 25. d4 Bg6 26. Rae1 Bh5 27. Rd2
Nxe3 28. fxe3 Rcxe3 29. Rxe3 Rxe3 30. Nc4 Rc3 31. Nd6 Rc6 32. Nf5 Kf8 33. d5
Rc1+ 34. Kf2 Bg6 35. Ne3 Ke7 36. Kf3 Kd6 37. Kf4 b5 38. g4 a5 39. h4 b4 40. Rd4
Bb1 41. Nc4+ Rxc4 42. Rxc4 Bxa2 43. Rc6+ Kxd5 44. Ra6 b3 45. Rxa5+ Kc4 46. Ra7
b2 47. Rc7+ Kd3 48. Rd7+ Kc3 49. Rc7+ Bc4 {White resigns} 0-1

[Event "Team 45 45 League T40"]
[Site "Internet Chess Club"]
[Date "2009.03.01"]
[Round "5"]
[White "jonesey"]
[Black "bigcol"]
[Result "1-0"]
[WhiteElo "2001"]
[BlackElo "1879"]
[Opening "QGD: 3.Nc3"]
[ECO "D31"]
[Time "10:00:13"]
[TimeControl "2700+45"]

1. d4 d5 2. c4 e6 3. Nc3 f5 4. g3 Nf6 5. Bg2 c6 6. Nh3 Bd6 7. O-O O-O 8. Bf4 Qe7
9. Qb3 Bxf4 10. Nxf4 g5 11. Nd3 Nbd7 12. f3 Rb8 13. e4 dxc4 14. Qxc4 Nb6 15. Qb3
Kh8 16. Ne5 Bd7 17. Rfe1 fxe4 18. Nxe4 Nfd5 19. Nc5 Be8 20. Bh3 Bh5 21. Bxe6
Rbd8 22. Bxd5 {Black resigns} 1-0

[Event "Team 45 45 League T40"]
[Site "Internet Chess Club"]
[Date "2009.02.28"]
[Round "5"]
[White "tryanything"]
[Black "fledermaus"]
[Result "0-1"]
[WhiteElo "1663"]
[BlackElo "1959"]
[Opening "QGD: Cambridge Springs defense"]
[ECO "D52"]
[Time "16:00:28"]
[TimeControl "2700+45"]

1. d4 d5 2. c4 e6 3. Nc3 Nf6 4. Bg5 Nbd7 5. Nf3 c6 6. e3 Qa5 7. Qa4 Qxa4 8. Nxa4
dxc4 9. Nc3 b5 10. Be2 Bb4 11. O-O Bb7 12. Rfd1 a6 13. Rac1 O-O 14. Bxf6 Nxf6
15. Ne5 Rfd8 16. Bf3 Nd5 17. h3 f6 18. Nxd5 cxd5 19. Ng4 Kf7 20. g3 Bd6 21. Kg2
Rac8 22. a3 Rd7 23. Rc3 Rdc7 24. Rdc1 a5 25. h4 b4 26. axb4 axb4 27. R3c2 Ra8
28. b3 c3 29. Be2 Ra3 30. Rb1 Ba6 31. Bxa6 Rxa6 32. f4 Rca7 33. Nf2 Ra2 34. Rxa2
Rxa2 35. Kf3 Rb2 36. Rc1 Rxb3 37. Nd3 Ra3 38. Nc5 Bxc5 39. dxc5 Ra5 40. c6 Rc5
{White resigns} 0-1

[Event "Team 45 45 League T40"]
[Site "Internet Chess Club"]
[Date "2009.02.26"]
[Round "5"]
[White "ddlj81"]
[Black "clarinetref"]
[Result "1/2-1/2"]
[WhiteElo "1844"]
[BlackElo "1625"]
[Opening "King's Indian: 6.Be2"]
[ECO "E91"]
[Time "22:36:27"]
[TimeControl "2700+45"]

1. e4 d6 2. d4 g6 3. c4 Bg7 4. Be2 Nf6 5. Nc3 O-O 6. Nf3 a5 7. h3 Na6 8. Be3 c5
9. O-O cxd4 10. Nxd4 Nc5 11. f3 h6 12. Qd2 Kh7 13. Rac1 Ne6 14. Ndb5 Bd7 15. b3
Bxb5 16. Nxb5 Nd7 17. Qd5 Ndc5 18. h4 Nc7 19. Nxc7 Qxc7 20. Rfd1 Qc6 21. Qxc6
bxc6 22. Bxc5 dxc5 23. Rd7 Bf6 24. g3 Rad8 25. Rcd1 Bd4+ 26. R1xd4 cxd4 27. Rxe7
d3 28. Bd1 Kg7 29. Kf2 Rfe8 30. Ra7 Ra8 31. Rc7 Rac8 32. Ra7 Ra8 33. Rxa8 Rxa8
34. Ke3 Rd8 35. Kd2 Kf6 36. f4 h5 37. Bf3 c5 38. e5+ Kg7 39. Bd5 Rd7 40. Kxd3
Ra7 41. Kc3 Kf8 42. a3 Ke7 43. Bc6 f6 44. Bd5 fxe5 45. fxe5 Ra6 46. Kd3 Rb6 47.
Kc3 Ra6 48. Kc2 Rb6 49. e6 Ra6 50. Kd3 Rb6 51. Kc3 Ra6 {Game drawn by mutual
agreement} 1/2-1/2

[Event "Team 45 45 League T40"]
[Site "Internet Chess Club"]
[Date "2009.02.28"]
[Round "5"]
[White "PUUNTUUPPAAJA"]
[Black "nardz"]
[Result "1-0"]
[WhiteElo "2041"]
[BlackElo "2081"]
[Opening "Nimzovich-Larsen attack: classical variation"]
[ECO "A01"]
[Time "06:52:00"]
[TimeControl "2700+45"]

1. b3 d5 2. e3 Nf6 3. f4 Nc6 4. Nf3 Bg4 5. d4 e6 6. Be2 Be7 7. c4 Ne4 8. O-O O-O
9. a3 a5 10. Qc2 Nb8 11. Nc3 Nxc3 12. Qxc3 c5 13. h3 cxd4 14. exd4 Bh5 15. Rd1
Nd7 16. cxd5 Nb6 17. dxe6 fxe6 18. Qe3 Rf6 19. Bc4 Qc8 20. g4 Be8 21. Ne5 Kh8
22. Bd2 a4 23. Bb4 Bxb4 24. axb4 a3 25. Rdc1 Qd8 26. Qe4 Rf8 27. Kh2 Qh4 28. Rc2
Nd7 29. Nxd7 Bg6 30. Qe1 Qxe1 31. Rxe1 Bxc2 32. Nxf8 a2 33. Ra1 Bb1 34. Nxe6 b5
35. Bxb5 Rb8 36. Bc4 Rxb4 37. d5 Kg8 38. d6 Rb6 39. d7 {Black forfeits on time}
1-0